 Dungeon Crawl Stone Soup version 0.22.1-2-g9c5b331 (webtiles) character file.

6524 Haldmier the Spear-Bearer (level 11, -4/81 HPs)
             Began as a Merfolk Ice Elementalist on Jan 3, 2019.
             Was a Follower of Vehumet.
             Slain by a wyvern (18 damage)
             ... in a volcano.
             The game lasted 01:01:58 (12642 turns).

Haldmier the Spear-Bearer (MfIE)                   Turns: 12642, Time: 01:01:59

Health: -4/81      AC:  9    Str: 10    XL:     11   Next: 1%
Magic:  24/26      EV: 16    Int: 17    God:    Vehumet [*.....]
Gold:   536        SH:  0    Dex: 14    Spells: 4/18 levels left

rFire    . . .     SeeInvis +   G - +3 glaive (chop)
rCold    + . .     Gourm    .   (shield currently unavailable)
rNeg     + . .     Faith    .   n - +2 leather armour {MR+}
rPois    .         Spirit   .   o - +0 helmet
rElec    .         Reflect  .   (no cloak)
rCorr    +         Harm     .   J - +1 pair of gloves "Biptoj" {rN+ rCorr MP+9 SInv}
MR       +....                  l - +0 pair of boots
Stlth    ++........             (no amulet)
HPRegen  0.23/turn              g - ring of protection from cold
MPRegen  0.20/turn              A - ring of wizardry

@: no status effects
A: change form in water, swift swim, stealthy swim
a: Renounce Religion


You were in a volcano.
You worshipped Vehumet.
Vehumet was aware of your devotion.
You were not hungry.

You visited 3 branches of the dungeon, and saw 10 of its levels.
You also visited: Sewer and Volcano.

You collected 536 gold pieces.

Inventory:

Hand Weapons
 a - a +2 dagger of draining
 b - a +0 bardiche
 v - a +3 vampiric rapier
 x - a +0 trident
 G - a +3 glaive of chopping (weapon)
 L - a +1 short sword of venom
Missiles
 f - 374 stones
 y - 45 sling bullets
 I - 4 tomahawks (quivered)
Armour
 l - a +0 pair of boots (worn)
 n - a +2 leather armour of magic resistance (worn)
 o - a +0 helmet (worn)
 F - a +2 ring mail of cold resistance
 J - the +1 pair of gloves "Biptoj" (worn) {rN+ rCorr MP+9 SInv}
   (You found it on level 7 of the Dungeon)

   It protects you from negative energy.
   It affects your magic capacity (+9).
   It lets you see invisible.
   It provides partial protection from all sources of acid and corrosion.
Jewellery
 g - a ring of protection from cold (left hand)
 h - a +2 ring of protection
 q - an uncursed ring of magical power
 s - an uncursed ring of stealth
 A - a ring of wizardry (right hand)
Wands
 z - a wand of polymorph (16)
 E - a wand of digging (3)
 H - a wand of flame (15)
Scrolls
 k - 7 scrolls of teleportation
 u - 3 scrolls of identify
Potions
 e - 6 potions of flight
 i - a potion of ambrosia
 j - 5 potions of curing
 m - 2 potions of lignification
 p - a potion of brilliance {unknown}
 t - a potion of haste
 w - a potion of might
 B - 2 potions of invisibility
 C - a potion of berserk rage {unknown}
 D - 2 potions of mutation {unknown}
 N - a potion of heal wounds
Comestibles
 c - 9 rations


   Skills:
 + Level 5.9 Fighting
 * Level 10.8 Polearms
 + Level 7.8 Dodging
 - Level 3.0 Stealth
 - Level 4.0 Spellcasting
 - Level 3.0 Conjurations
 - Level 5.0 Charms
 - Level 5.0 Summonings
 * Level 9.4 Ice Magic


You had 4 spell levels left.
You knew the following spells:

 Your Spells              Type           Power        Failure   Level  Hunger
a - Freeze                Ice            ####         1%          1    None
b - Throw Frost           Conj/Ice       ###...       1%          2    ##.....
c - Ozocubu's Armour      Chrm/Ice       ####....     1%          3    ###....
d - Summon Ice Beast      Ice/Summ       ####....     4%          4    ####...
e - Throw Icicle          Conj/Ice       ###.....     7%          4    ####...

Your spell library contained the following spells:

 Spells                   Type           Power        Failure   Level  Hunger
 Sandblast                Erth           #.....       9%          1    None
 Magic Dart               Conj           ##..         2%          1    None
 Searing Ray              Conj           ##....       4%          2    ##.....
 Dazzling Spray           Conj/Hex       #.....       14%         3    ###....
 Iskenderun's Mystic Bla  Conj           ##......     24%         4    ####...
 Force Lance              Conj/Tloc      #.......     41%         4    ####...
 Fulminant Prism          Conj/Hex       #.........   41%         4    ####...


Dungeon Overview and Level Annotations

Branches:
Dungeon (8/15)             Temple (1/1) D:7            Lair (1/6) D:8

Altars:
Ashenzari
Cheibriados
Dithmenos
Elyvilon
Fedhas
Gozag
Hepliaklqana
Kikubaaqudgha
Makhleb
Okawaru
Qazlal
Ru
Sif Muna
Trog
Uskayaw
Vehumet
Wu Jian
Xom
Yredelemnul
Zin
The Shining One


Message History

The fire bat completely misses you.
The wyvern bites something but does no damage.
The fire bat closely misses you.
The fire bat bites you but does no damage.
Things that are here:
a giant club x2
The fire bat barely misses you.
The wyvern bites something!
Press: ? - help, v - describe, . - travel A rock-blocked tunnel.
Okay, then.
The wyvern bites the plant!
The fire bat completely misses you. The fire bat closely misses you.
The fire bat closely misses you.
There is a rock-blocked tunnel here.
The fire bat completely misses you.
There is a rocky tunnel leading out of this place here.
The fire bat bites you but does no damage.
The wyvern bites you!!
You die...

##♣♣♣
###.P.♣♣♣
##...♣..P♣♣
#.[l.NPl♣P♣♣♣
#.@∩..♣P).PP♣
#..b.♣♣♣♣Nl♣♣
#...## ♣♣♣.♣♣
##### ♣..♣
♣♣.♣ ♣Pl♣♣
♣♣..P♣ ♣P.P.♣
♣P..♣♣


You could see a salamander, 2 wyverns and a fire bat.

Vanquished Creatures
  A two-headed ogre (Volcano)
  2 spiny frogs
  3 blink frogs
  A hippogriff (D:7)
  A wraith (D:7)
  A basilisk (Lair:1)
  A fire bat (Volcano)
  A steam dragon (Volcano)
  A water moccasin (Lair:1)
  3 ice beasts
  An orc warrior (D:7)
  A phantom (D:4)
  2 black bears (D:8)
  4 necrophages (D:7)
  3 centaurs
  3 ogres
  A crocodile (Lair:1)
  4 bullfrogs
  An elf zombie (D:7)
  3 scorpions
  3 wights (D:6)
  A howler monkey (D:6)
  A centaur zombie (D:8)
  4 crimson imps
  3 human zombies (D:7)
  3 jellies
  A hound (D:6)
  4 orc priests
  A gnoll shaman (D:7)
  6 orc wizards
  2 iguanas (D:6)
  2 merfolk sirens (Sewer)
  5 worker ants
  A merfolk avatar (Sewer)
  A mummy (D:7)
  3 hound skeletons
  3 gnolls
  A worker ant zombie (D:5)
  9 adders
  4 river rats (Sewer)
  An adder zombie (D:7)
  A worm (D:4)
  2 dart slugs (D:2)
  5 leopard geckos
  26 orcs
  4 ball pythons
  7 giant cockroaches
  6 goblins
  3 hobgoblins
  2 jackals (D:1)
  5 quokkas
  12 bats
  13 frilled lizards
  9 kobolds
  A leopard gecko skeleton (D:7)
  An orc zombie (D:7)
  A quokka skeleton (D:6)
  29 rats
224 creatures vanquished.

Vanquished Creatures (collateral kills)
  2 blink frogs
  The ghost of StrungSween the Chopper, an amateur HOFi (D:3)
  Eustachio (D:5)
  2 orc warriors
  An ice beast (D:7)
  2 ogres
  A centaur (D:7)
  Blork the orc (D:4)
  A bullfrog (D:7)
  2 wights (D:6)
  2 howler monkeys (D:8)
  2 orc priests (D:7)
  A human zombie (D:7)
  An iguana (D:7)
  4 orc wizards
  2 gnolls (D:7)
  A howler monkey skeleton (D:6)
  2 orcs (D:7)
29 creatures vanquished.

Grand Total: 253 creatures vanquished

Notes
Turn   | Place    | Note
-------+----------+-------------------------------------------
     0 | D:1      | Haldmier the Merfolk Ice Elementalist began the quest for
                  | the Orb.
     0 | D:1      | Reached XP level 1. HP: 13/13 MP: 3/3
   591 | D:1      | Reached XP level 2. HP: 2/20 MP: 0/5
  1509 | D:1      | Learned a level 2 spell: Throw Frost
  1805 | D:2      | Reached XP level 3. HP: 25/25 MP: 4/6
  2084 | D:2      | Reached skill level 1 in Fighting
  2472 | D:2      | Reached skill level 1 in Conjurations
  2733 | D:3      | Reached XP level 4. HP: 27/32 MP: 4/7
  3076 | D:3      | Found a glowing drain.
  3125 | Sewer    | Entered a sewer
  3315 | Sewer    | Reached skill level 1 in Polearms
  3315 | Sewer    | Reached XP level 5. HP: 37/37 MP: 3/8
  3593 | Sewer    | Reached skill level 2 in Polearms
  3765 | Sewer    | Noticed a malarious merfolk avatar
  3778 | Sewer    | Killed a malarious merfolk avatar
  3778 | Sewer    | Reached XP level 6. HP: 44/44 MP: 4/10
  4057 | D:3      | Learned a level 3 spell: Ozocubu's Armour
  4295 | D:3      | Reached skill level 3 in Polearms
  4295 | D:3      | Reached skill level 5 in Ice Magic
  4457 | D:3      | Found a runed gate.
  4461 | D:3      | Found a runed gate.
  4462 | D:3      | Found a runed gate.
  4463 | D:3      | Noticed an orc warrior
  4468 | D:3      | Found an opulent altar of Gozag.
  4468 | D:3      | Noticed StrungSween's ghost (amateur HOFi)
  4671 | D:4      | Learned a level 4 spell: Summon Ice Beast
  4733 | D:4      | Reached skill level 1 in Charms
  4733 | D:4      | Reached XP level 7. HP: 51/51 MP: 1/11
  5066 | D:4      | Reached skill level 1 in Summonings
  5070 | D:4      | Noticed Blork the orc
  5449 | D:5      | Entered Level 5 of the Dungeon
  5455 | D:5      | Reached skill level 4 in Polearms
  5825 | D:5      | Reached XP level 8. HP: 36/57 MP: 0/12
  6019 | D:5      | Noticed Eustachio
  6055 | D:5      | Killed Eustachio
  6055 | D:5      | Reached skill level 5 in Polearms
  6677 | D:6      | Reached skill level 5 in Dodging
  6826 | D:6      | Reached skill level 6 in Polearms
  7005 | D:6      | Reached XP level 9. HP: 50/64 MP: 1/14
  7785 | D:4      | Killed Blork the orc
  8394 | D:3      | Killed StrungSween's ghost
  8691 | D:7      | Reached skill level 7 in Polearms
  8740 | D:7      | Got a pair of polished gloves
  8741 | D:7      | Identified the +1 pair of gloves "Biptoj" {rN+ rCorr MP+9
                  | SInv} (You found it on level 7 of the Dungeon)
  8931 | D:7      | Found a staircase to the Ecumenical Temple.
  8954 | Temple   | Entered the Ecumenical Temple
  9038 | Temple   | Became a worshipper of Vehumet
  9156 | D:7      | Learned a level 4 spell: Throw Icicle
 10091 | D:7      | Reached skill level 8 in Polearms
 10169 | D:7      | Reached skill level 5 in Summonings
 10212 | D:7      | Reached XP level 10. HP: 64/71 MP: 16/16
 10222 | D:7      | Found an ancient bone altar of Kikubaaqudgha.
 10229 | D:7      | Reached * piety under Vehumet
 10229 | D:7      | Offered knowledge of Sandblast by Vehumet.
 10849 | D:8      | Reached skill level 9 in Polearms
 11000 | D:8      | Reached skill level 5 in Fighting
 11335 | D:8      | Found a staircase to the Lair.
 11877 | Lair:1   | Entered Level 1 of the Lair of Beasts
 11882 | Lair:1   | Noticed a spiny frog
 12105 | D:8      | Killed a spiny frog
 12250 | Lair:1   | Reached skill level 10 in Polearms
 12254 | Lair:1   | Reached skill level 5 in Charms
 12286 | Lair:1   | Noticed a spiny frog
 12298 | Lair:1   | Killed a spiny frog
 12427 | Lair:1   | Found a dark tunnel.
 12436 | Volcano  | Entered a volcano
 12585 | Volcano  | Noticed a two-headed ogre
 12595 | Volcano  | Killed a two-headed ogre
 12595 | Volcano  | Reached XP level 11. HP: 81/81 MP: 17/17
 12613 | Volcano  | Noticed a salamander
 12642 | Volcano  | Slain by a wyvern

Skill      XL: |  1  2  3  4  5  6  7  8  9 10 |
---------------+-------------------------------+-----
Dodging        | 3 4 5 6 7 |  7.8
Fighting       | 1 2 3 4 5 |  5.9
Conjurations   | 1 2 3 |  3.0
Ice Magic      | 4 5 6 7 9 |  9.4
Stealth        | 3 |  3.0
Polearms       | 1 2 3 4 6 8 10 | 10.8
Charms         | 1 2 4 5 |  5.0
Spellcasting   | 3 4 |  4.0
Summonings     | 2 3 5 |  5.0

Action                   |  1- 3 |  4- 6 |  7- 9 | 10-12 || total
-------------------------+-------+-------+-------+-------++-------
Melee: Short sword       |    27 |     3 |       |       ||    30
       Trident           |       |    83 |   202 |       ||   285
       Glaive            |       |       |   112 |   131 ||   243
Throw: Stone             |    17 |    22 |    16 |       ||    55
       Tomahawk          |       |       |     3 |     1 ||     4
 Cast: Freeze            |    59 |    95 |    71 |     5 ||   230
       Ozocubu's Armour  |       |     1 |     2 |       ||     3
       Summon Ice Beast  |       |       |    39 |    23 ||    62
       Throw Frost       |       |       |     2 |       ||     2
  Use: Scroll            |       |     6 |     7 |     5 ||    18
       Potion            |       |       |       |     1 ||     1
 Stab: Sleeping          |     5 |     9 |    12 |     3 ||    29
       Distracted        |     1 |       |     4 |       ||     5
  Eat: Chunk             |     6 |     7 |    18 |     8 ||    39
       Ration            |       |       |     2 |     2 ||     4
Armor: Robe              |    18 |    21 |       |       ||    39
       Leather armour    |       |     2 |    73 |    39 ||   114
Dodge: Dodged            |    59 |    76 |   148 |   100 ||   383
